Description

SpeCial's build used against Cham on the asia ladder.

Build Order

Get SALT Encoding   

  12  0:01  SCV  
  14  0:17  Supply Depot  
  16  0:41  Barracks  
  16  0:42  Refinery  Full Sat gas ASAP
  19  1:27  Orbital Command, Reaper  Scout
  20  1:38  Command Center  
  20  1:48  Supply Depot  Drop Mule ASAP
  21  1:59  Marine  
  22  2:03  Factory  
  23  2:14  Refinery  Full sat 2:38
  24  2:20  Barracks Reactor  
  26  2:52  Starport  Swap factory to barracks reactor
  27  3:00  Ghost Academy  
  27  3:02  Barracks Tech Lab, Hellion x2  
  38  3:25  Hellion x2  
  38  3:27  Supply Depot  
  42  3:30  Viking  
  43  3:41  Ghost  
  45  4:00  Supply Depot  
  50  4:05  Hellion x2  
  52  4:09  Ghost  
  56  4:22  Supply Depot  
  56  4:23  Medivac  
  60  4:27  Hellion x2  
  62  4:37  Command Center  
  63  4:47  Stimpack, Marine  
  65  4:58  Barracks x2  (PUSH)Lift factory to build a barracks on reactor
  66  5:02  Factory Reactor, Starport Reactor  
  68  5:14  Engineering Bay  
  1  5:41  Refinery  
  1  5:50  Orbital Command  
  1  5:56  Terran Infantry Armor Level 1, Terran Infantry Weapons Level 1  
  1  6:00  Factory Reactor, Barracks  swap factory with racks
  1  6:32  Combat Shield  
  1  5:35  Liberator  Use for hurass during push
  1  6:00  Barracks  
Spawning Tool Build Advisor. Get it on Overwolf

Go to:

Details

  • Created by: Scruffy
  • Published on: Jun 25, 2021
  • Modified on: Jun 25, 2021
  • Patch: 4.11.0
  • Difficulty: Hard
Show
View Real Time Build Order
Export as new Build Order

Comments (0)

There are no comments. Be the first!

Create an account to comment!